 Dungeon Crawl Stone Soup version 0.28-a0-247-gb8bfbab023 (webtiles) character file.

Game seed: 6236756320917288864

7 Manisian the Skirmisher (level 1, 18/18 HPs)
             Began as a Demonspawn Abyssal Knight on Aug 25, 2021.
             Was an Initiate of Lugonu.
             Got out of the dungeon alive.
             The game lasted 00:01:26 (394 turns).

Manisian the Skirmisher (Demonspawn Abyssal Knight)  Turns: 394, Time: 00:01:26

Health: 18/18      AC:  3    Str: 12    XL:     1   Next: 91%
Magic:  2/2        EV: 11    Int: 13    God:    Lugonu [......]
Gold:   0          SH:  0    Dex: 12    Spells: 0/0 levels left

rFire   . . .      SeeInvis .   a - +1 mace
rCold   . . .      Faith    .   (no shield)
rNeg    . . .      Spirit   .   b - +0 leather armour
rPois   .          Reflect  .   (no helmet)
rElec   .          Harm     .   (no cloak)
rCorr   .          Rampage  .   (no gloves)
Will    .....                   (no boots)
Stlth   +.........              (no amulet)
HPRegen 0.06/turn               (no ring)
MPRegen 0.08/turn               (no ring)

@: no status effects
A: no striking features
a: Renounce Religion


You escaped.
You worshipped Lugonu.
Lugonu was noncommittal.
You visited 1 branch of the dungeon, and saw 1 of its levels.
You visited the Abyss 1 time.

Inventory:

Hand Weapons
 a - a +1 mace (weapon)
Armour
 b - a +0 leather armour (worn)
Scrolls
 e - a scroll of identify {unknown}
Potions
 c - a potion of cancellation {unknown}
 d - a potion of attraction {unknown}


   Skills:
 + Level 3.3 Fighting
 + Level 1.9 Maces & Flails
 + Level 1.8 Armour
 + Level 0.8 Dodging
 + Level 2.5 Invocations


You couldn't memorise any spells.
You didn't know any spells.
Your spell library was empty.

Dungeon Overview and Level Annotations

Branches:
Dungeon (1/15)

Altars:


Message History

The shadow imp shouts!
The shadow imp gestures at you. Pain shoots through your body!
You hit the shadow imp.
The shadow imp is lightly wounded.
The shadow imp completely misses you. The shadow imp barely misses you.
You hit the shadow imp.
The shadow imp is severely wounded.
The shadow imp hits you.
You hit the shadow imp but do no damage.
The shadow imp is severely wounded.
The shadow imp hits you. x2
You are too injured to fight recklessly!
You closely miss the shadow imp.
The shadow imp is severely wounded.
The shadow imp closely misses you.
You hit the shadow imp.
The shadow imp is severely wounded.
The shadow imp closely misses you.
You barely miss the shadow imp.
The shadow imp is severely wounded.
The shadow imp hits you.
* * * LOW HITPOINT WARNING * * *
The shadow imp barely misses you.
You thump the shadow imp!
You kill the shadow imp!
You start resting.
A large abomination comes into view.
You pass through the gate.
You can no longer depart the Abyss at will.
Found 10 sling bullets.
There is a staircase leading out of the dungeon here.
You start resting.
Magic restored.
You start resting.
HP restored.
Unknown command.
Unknown command.
Are you sure you want to leave the Dungeon?
This will make you lose the game!
You have escaped!

## ## #
.#. #
#.#.#.#
#.@.#
#.#(#.#
# .#. #
## ##


There were no monsters in sight!

Vanquished Creatures
  A shadow imp (Abyss:1)
1 creature vanquished.

Notes
Turn   | Place    | Note
-------+----------+-------------------------------------------
     0 | Abyss:1  | Manisian the Demonspawn Abyssal Knight began the quest for
                  | the Orb.
     0 | Abyss:1  | Reached XP level 1. HP: 18/18 MP: 2/2
   128 | Abyss:1  | Noticed a large abomination
   145 | D:1      | Escaped the Abyss
   394 | D:$      | Got out of the dungeon alive.

Illustrated notes

Levels and vault maps discovered:
D:1:      minmay_arrival_diagonal_passages, layout_loops_corners,
          shapermc_ecumenical_altar_totnotflames

Action                   || total
-------------------------++-------
Melee: Mace              ||     7
Invok: Depart the Abyss  ||     1
Dodge: Dodged            ||     5

Table legend: (Time is in decaauts)
 A = Elapsed time spent in this place.
 B = Non-inter-level travel time spent in this place.
 C = Inter-level travel time spent in this place.
 D = Time resting spent in this place.
 E = Time spent auto-exploring this place.
 F = Levels seen in this place.
 G = Mean time per level.
                   A        B        C        D        E       F      G
               +--------+--------+--------+--------+--------+-----+--------+
         Total |    401 |    401 |      0 |    251 |      0 |   2 |  200.5 |
       Dungeon |    248 |    248 |      0 |    247 |      0 |   1 |  248.0 |
         Abyss |    152 |    152 |      0 |      4 |      0 |   1 |  152.0 |
               +--------+--------+--------+--------+--------+-----+--------+

Top non-repeatable levels by time:
     D:1: 248 daAuts
 Abyss:1: 152 daAuts
